 Dungeon Crawl Stone Soup version 0.30-a0-371-gad7725a93e (webtiles) character file.

Game seed: 10507902284729782092

97 dweek the Covered (level 4, -5/40 HPs)
             Began as an Armataur Fighter on Nov 21, 2022.
             Was an Initiate of Nemelex Xobeh.
             Killed from afar by a steam dragon (11 damage)
             ... with a ball of steam
             ... on level 4 of the Dungeon.
             The game lasted 00:12:46 (1699 turns).

dweek the Covered (Armataur Fighter)                Turns: 1699, Time: 00:12:46

Health: -5/40      AC:  9    Str: 27    XL:     4   Next: 42%
Magic:  4/4        EV:  7    Int:  8    God:    Nemelex Xobeh [......]
Gold:   150        SH:  4    Dex:  6    Spells: 3/3 levels left

rFire   . . .      SeeInvis .    l - +1 long sword (flame)
rCold   + . .      Faith    .    c - +0 buckler
rNeg    . . .      Spirit   .    b - +0 scale mail
rPois   .          Reflect  .    (no helmet)
rElec   .          Harm     .    (no cloak)
rCorr   .          Roll     +    (no gloves)
Will    .....      Rnd*Tele +    (no barding)
Stlth   ..........               (no amulet)
HPRegen 0.26/turn                m - ring of protection from cold
MPRegen 0.09/turn                (no ring)

@: no status effects
A: large, rugged brown scales 3, deformed body, armoured tail, roll, long
tongue, awkward tongue, iridescent scales 1, clumsy 1, screaming 1, strong 1,
teleportitis 1
a: Renounce Religion, Draw Escape, Draw Destruction, Draw Summoning


You were on level 4 of the Dungeon.
You worshipped Nemelex Xobeh.
Nemelex Xobeh was noncommittal.
You visited 2 branches of the dungeon, and saw 5 of its levels.

You collected 150 gold pieces.

Inventory:

Hand Weapons
 a - a +0 war axe
 g - a +0 dagger
 j - a +0 dagger
 l - a +1 long sword of flaming (weapon)
Armour
 b - a +0 scale mail (worn)
 c - a +0 buckler (worn)
 k - a +0 leather armour
Jewellery
 m - a ring of protection from cold (left hand)
Scrolls
 e - 2 scrolls of magic mapping
 f - 2 scrolls of identify
 i - a scroll of immolation
 o - a scroll of enchant weapon
Potions
 d - 3 potions of might


   Skills:
 + Level 3.1 Fighting
 + Level 2.3 Axes
 + Level 4.7 Armour
 + Level 0.4 Dodging
 + Level 0.6 Stealth
 + Level 3.7 Shields


You had 3 spell levels left.
You didn't know any spells.
Your spell library contained the following spells:

 Spells                   Type           Power      Damage    Failure   Level
 Kiss of Death            Conj/Necr      0%         2d5       75%         1
 Vampiric Draining        Necr           0%         2d6       98%         3
 Necromutation            Tmut/Necr      0%         N/A       100%        8


Dungeon Overview and Level Annotations

Branches:
Dungeon (4/15)             Temple (1/1) D:4

Altars:
Cheibriados
Elyvilon
Fedhas
Gozag
Hepliaklqana
Kikubaaqudgha
Makhleb
Nemelex Xobeh
Okawaru
Ru
Sif Muna
Trog
Uskayaw
Vehumet
Wu Jian
Xom
Yredelemnul
Zin
The Shining One

Annotations:
D:3 Terence


Innate Abilities, Weirdness & Mutations

You are completely covered in rugged brown scales. (AC +3, +7% HP)
Armour fits poorly on your strangely shaped body.
You have a long armoured tail.
You roll when moving toward enemies. (Rampage)
Your long tongue fully drains potion bottles. (2x potion effects)
Your tongue gives you trouble enunciating. (1.5x scroll delay)
You are partially covered in iridescent scales. (AC +2)
You are clumsy. (Dex -2)
You occasionally shout uncontrollably at your foes.
Your muscles are strong. (Str +4, Int/Dex -1)
You are occasionally teleported next to monsters.


Message History

You hit the steam dragon. You burn the steam dragon.
Your tail-slap misses the steam dragon.
The steam dragon is heavily wounded.
You are engulfed in a cloud of scalding steam.
The steam dragon bites you but does no damage.
You block the steam dragon's attack.
You closely miss the steam dragon. You tail-slap the steam dragon.
The steam dragon is heavily wounded.
You are engulfed in a cloud of scalding steam.
* * * LOW HITPOINT WARNING * * *
The steam dragon closely misses you. x2
The orc is engulfed in a cloud of scalding steam.
The orc dies!
The steam dragon bites you.
* * * LOW HITPOINT WARNING * * *
The steam dragon barely misses you.
As you slowly read the scroll of teleportation, it crumbles to dust.
You feel strangely unstable.
The steam dragon bites you but does no damage.
The steam dragon claws you but does no damage.
You hit the steam dragon. You burn the steam dragon.
You tail-slap the steam dragon, but do no damage.
The steam dragon is severely wounded.
The steam dragon bites you but does no damage.
The steam dragon closely misses you. The steam dragon breathes steam at you.
The ball of steam hits you!
* * * LOW HITPOINT WARNING * * *
You barely miss the steam dragon.
Your tail-slap misses the steam dragon.
The steam dragon is severely wounded.
Your surroundings suddenly seem different.
Found 6 gold pieces.
There is a stone staircase leading down here.
You see here 6 gold pieces.
You now have 150 gold pieces (gained 6).
You block the steam dragon's attack. x2
The steam dragon breathes steam at you. The ball of steam hits you!
You die...
Your body disappears without a glow.

.................#...
#.........)......##.#
#######.##..#.......# #.#
#.........# #.###.........# #..#
#.§# #.....>..# ######.. ##§#
#........###... ... #.#
#........>##.####.# #D#
#.#.§@##..........####
...#####<###.#D.###.#...........#
#.......o.......###.............#
#....D.........##....#...........
.....................#..........#
.................................
...................##.##..#..####
................#......##........
..>o.................#.###.....##


You could see a steam dragon (catching breath).

Vanquished Creatures
  5 adders
  A worm (D:2)
  2 dart slugs
  2 orcs
  4 bats
  3 endoplasms
  2 giant cockroaches (D:3)
  3 hobgoblins
  3 jackals (D:2)
  A quokka (D:2)
  6 ball pythons
  2 frilled lizards
  5 goblins
  A kobold (D:2)
  2 rats (D:3)
42 creatures vanquished.

Vanquished Creatures (others)
  2 orcs (D:4)
  2 plants (D:1)
4 creatures vanquished.

Grand Total: 46 creatures vanquished

Notes
Turn   | Place    | Note
-------+----------+-------------------------------------------
     0 | D:1      | dweek the Armataur Fighter began the quest for the Orb.
     0 | D:1      | Reached XP level 1. HP: 19/19 MP: 1/1
   469 | D:2      | Reached XP level 2. HP: 23/26 MP: 2/2
   485 | D:2      | Reached skill level 4 in Armour
   485 | D:2      | Reached XP level 3. HP: 5/33 MP: 3/3
  1169 | D:2      | Gained mutation: You are clumsy. (Dex -2) [potion of
                  | mutation]
  1169 | D:2      | Gained mutation: You occasionally shout uncontrollably at
                  | your foes. [potion of mutation]
  1169 | D:2      | Gained mutation: You are occasionally teleported next to
                  | monsters. [potion of mutation]
  1169 | D:2      | Gained mutation: You are partially covered in iridescent
                  | scales. (AC +2) [potion of mutation]
  1169 | D:2      | Gained mutation: Your muscles are strong. (Str +4, Int/Dex
                  | -1) [potion of mutation]
  1232 | D:3      | Reached XP level 4. HP: 15/40 MP: 4/4
  1339 | D:3      | Noticed Terence
  1341 | D:3      | Got the Folio of the Mortuary
  1407 | D:4      | Found a staircase to the Ecumenical Temple.
  1417 | Temple   | Entered the Ecumenical Temple
  1431 | Temple   | Became a worshipper of Nemelex Xobeh the Trickster
  1590 | D:4      | Found a glowing golden altar of the Shining One.
  1602 | D:4      | Found an opulent altar of Gozag.
  1661 | D:4      | Noticed a steam dragon
  1684 | D:4      | HP: 2/40 [steam dragon/ball of steam (10)]
  1699 | D:4      | Killed from afar by a steam dragon

Illustrated notes

Levels and vault maps discovered:
D:1:      grunt_arrival_crossed_arrows, layout_basic,
          nicolae_ecumenical_snake_handling, serial_forest,
          infiniplex_forest_clump_cross, infiniplex_forest_lined_room_3,
          infiniplex_forest_zigzag_2, infiniplex_forest_diagonal,
          infiniplex_forest_straight_4, infiniplex_forest_lined_room_3
D:2:      layout_loops_ring
D:3:      layout_loops_ring, general_overflow_altar, uniq_terence
D:4:      layout_rooms, amcnicky_altar_gilded, tso_metal_star,
          minmay_temple_entry_poolview, chequers_jeans,
          chequers_serial_rivers_micro_a, minmay_cut_off
Temple:   sentei_temple_godly_chess

Skill      XL: |  1  2 |
---------------+-------+-----
Axes           | 2 |  2.3
Fighting       | 3 |  3.1
Armour         | 4 |  4.7
Dodging        | |  0.4
Stealth        | |  0.6
Shields        | |  3.7

Action                   |  1- 3 |  4- 6 || total
-------------------------+-------+-------++-------
Melee: War axe           |   101 |     2 ||   103
       Tailslap          |    11 |     4 ||    15
       Long sword        |       |    26 ||    26
  Use: Scroll            |     6 |     4 ||    10
       Potion            |     5 |     1 ||     6
Armor: Scale mail        |    81 |    28 ||   109
Dodge: Dodged            |    54 |    13 ||    67
Block: Buckler           |    26 |    12 ||    38

Table legend: (Time is in decaauts)
 A = Elapsed time spent in this place.
 B = Non-inter-level travel time spent in this place.
 C = Inter-level travel time spent in this place.
 D = Time resting spent in this place.
 E = Time spent auto-exploring this place.
 F = Levels seen in this place.
 G = Mean time per level.
                   A        B        C        D        E       F      G
               +--------+--------+--------+--------+--------+-----+--------+
         Total |   1758 |   1736 |     22 |    611 |      0 |   5 |  351.6 |
       Dungeon |   1733 |   1711 |     22 |    611 |      0 |   4 |  433.2 |
        Temple |     24 |     24 |      0 |      0 |      0 |   1 |   24.0 |
               +--------+--------+--------+--------+--------+-----+--------+

Top non-repeatable levels by time:
     D:2: 827 daAuts
     D:1: 384 daAuts
     D:4: 342 daAuts
     D:3: 179 daAuts
  Temple: 24 daAuts
